 Dungeon Crawl Stone Soup version 0.29.0-4-gdea44cf6ec (webtiles) character file.

Game seed: 6648530492385564664

64796 SnakkuSnakku7 the Severer (level 14, 0/112 HPs)
             Began as a Palentonga Summoner on Aug 27, 2022.
             Was the Champion of Lugonu.
             Slain by a skeletal warrior
             ... wielding a +0 battleaxe
              (14 damage)
             ... on level 13 of the Dungeon.
             The game lasted 01:00:48 (25365 turns).

SnakkuSnakku7 the Severer (Palentonga Summoner)    Turns: 25365, Time: 01:00:49

Health: 0/112      AC: 27    Str: 21    XL:     14   Next: 73%
Magic:  0/19       EV: 13    Int: 20    God:    Lugonu [******]
Gold:   2126       SH:  5    Dex: 10    Spells: 17/17 levels left

rFire   . . .      SeeInvis +   a - +4 battleaxe (protect)
rCold   . . .      Faith    .   (shield currently unavailable)
rNeg    . . .      Spirit   .   l - +1 robe of Vines {NoPotionHeal Regen++++}
rPois   .          Reflect  +   q - +2 helmet
rElec   .          Harm     .   V - +1 cloak
rCorr   .          Rampage  .   h - +2 pair of gloves {infuse}
Will    +....                   (no barding)
Stlth   +.........              e - amulet of reflection
HPRegen 3.48/turn               L - +4 ring of evasion
MPRegen 0.16/turn               O - +6 ring of strength

@: under a protective aura, curled up
A: large, rugged brown scales 3, see invisible, deformed body, roll 1, armoured
tail, reflexive curl
a: Rolling Charge, Renounce Religion, Depart the Abyss, Bend Space, Banish,
Corrupt, Enter the Abyss, Brand Weapon With Distortion


You were on level 13 of the Dungeon.
You worshipped Lugonu.
Lugonu was exalted by your worship.
You visited 3 branches of the dungeon, and saw 20 of its levels.
You also visited: Sewer and Bailey.

You collected 4068 gold pieces.
You spent 1942 gold pieces at shops.

Inventory:

Hand Weapons
 a - a +4 battleaxe of protection (weapon)
 b - the +5 trident "Huoxa" {vorpal, Fly rC+ Int-5 Dex+2}
   (You found it on level 10 of the Dungeon)

   It inflicts extra damage upon your enemies.
   Int:       It affects your intelligence (-5).
   Dex:       It affects your dexterity (+2).
   rC:        It protects you from cold.
   Fly:       It grants you flight.
 x - a +0 broad axe
Missiles
 K - 6 silver javelins
 W - a throwing net
Armour
 h - a +2 pair of gloves of infusion (worn)
 l - the +1 robe of Vines (worn) {NoPotionHeal Regen++++}
   (You found it on level 1 of the Lair of Beasts)

   Its wearer cannot be healed by potions.
   Regen:     It increases your rate of health regeneration.
 q - a +2 helmet (worn)
 V - a +1 cloak (worn)
Jewellery
 e - an amulet of reflection (around neck)
 j - a ring of magical power
 p - an amulet of the acrobat
 w - a ring of poison resistance
 L - a +4 ring of evasion (left hand)
 O - a +6 ring of strength (right hand)
 S - a ring of fire
 X - a ring of positive energy
Wands
 c - a wand of charming (5)
 n - a wand of roots (8)
 o - a wand of mindburst (14)
 z - a wand of flame (23)
 D - a wand of light (6)
 Y - a wand of polymorph (7)
Scrolls
 g - a scroll of enchant weapon
 i - 5 scrolls of poison
 t - a scroll of butterflies
 v - 2 scrolls of magic mapping
 y - a scroll of torment
 G - a scroll of vulnerability
 H - 2 scrolls of fear
 I - 9 scrolls of teleportation
 J - a scroll of immolation
 P - a scroll of blinking
Potions
 d - 10 potions of curing
 k - 3 potions of berserk rage
 m - 2 potions of flight
 r - 8 potions of heal wounds
 s - 2 potions of mutation
 u - 2 potions of lignification
 B - 5 potions of cancellation
 C - 4 potions of ambrosia
 F - 4 potions of might
 M - 3 potions of attraction
 N - 2 potions of resistance
 Q - a potion of magic
 R - a potion of invisibility
 T - a potion of brilliance
 U - 4 potions of haste
Miscellaneous
 f - a condenser vane
 A - a box of beasts


   Skills:
 - Level 8.0 Fighting
 - Level 8.0 Long Blades
 + Level 19.4(19.5) Axes
 - Level 1.7(11.9) Polearms
 - Level 2.5 Armour
 - Level 1.5 Dodging
 - Level 1.2 Stealth
 - Level 5.0 Shields
 - Level 2.0 Spellcasting
 - Level 2.7 Conjurations
 - Level 3.4 Summonings
 - Level 7.5 Invocations
 - Level 8.0 Evocations


You had 17 spell levels left.
You didn't know any spells.
Your spell library contained the following spells:

 Spells                   Type           Power      Damage    Failure   Level
 Summon Small Mammal      Summ           60%        N/A       3%          1
 Magic Dart               Conj           48%        1d5       5%          1
 Call Imp                 Summ           15%        N/A       6%          2
 Searing Ray              Conj           24%        2d5       8%          2
 Call Canine Familiar     Summ           15%        N/A       12%         3
 Static Discharge         Conj/Air       7%         3-4/arc   14%         2
 Necrotise                Necr           8%         1d4       16%         1
 Sandblast                Erth           4%         2d4       16%         1
 Ensorcelled Hibernation  Hex/Ice        4%         N/A       24%         2
 Passwall                 Tmut/Erth      1%         N/A       24%         2
 Summon Guardian Golem    Hex/Summ       8%         N/A       24%         3
 Dazzling Flash           Conj/Hex       14%        N/A       26%         3
 Stone Arrow              Conj/Erth      14%        3d7       26%         3
 Mephitic Cloud           Conj/Pois/Air  5%         N/A       32%         3
 Ignite Poison            Fire/Tmut/Pois 2%         N/A       43%         3
 Inner Flame              Hex/Fire       2%         N/A       43%         3
 Ozocubu's Armour         Ice            2%         N/A       43%         3
 Spider Form              Tmut/Pois      2%         N/A       43%         3
 Swiftness                Air            2%         N/A       43%         3
 Animate Armour           Summ/Erth      16%        N/A       61%         4
 Summon Lightning Spire   Summ/Air       8%         N/A       61%         4
 Fulminant Prism          Conj/Hex       3%         3d6       65%         4
 Iskenderun's Mystic Bla  Conj/Tloc      7%         2d4       65%         4
 Sticky Flame             Conj/Fire      7%         2d3       65%         4
 Animate Dead             Necr           2%         N/A       83%         4
 Cause Fear               Hex            1%         N/A       83%         4
 Dispel Undead            Necr           2%         3d7       83%         4
 Freezing Cloud           Conj/Ice/Air   2%         6-21      97%         5
 Agony                    Necr           2%         N/A       99%         5
 Lee's Rapid Deconstruct  Erth           1%         3d5*      99%         5
 Silence                  Hex/Air        1%         N/A       99%         5
 Simulacrum               Ice/Necr       1%         N/A       100%        6
 Ozocubu's Refrigeration  Ice            1%         4d7       100%        7
 Spellforged Servitor     Conj/Summ      7%         N/A       100%        7
 Discord                  Hex            1%         N/A       100%        8
 Lehudib's Crystal Spear  Conj/Erth      3%         10d3      100%        8
 Chain Lightning          Conj/Air       3%         3d4       100%        9
 Fire Storm               Conj/Fire      3%         8d1       100%        9
 Polar Vortex             Ice            1%         N/A       100%        9
 Shatter                  Erth           1%         3d5*      100%        9


Dungeon Overview and Level Annotations

Branches:
Dungeon (13/15)            Temple (0/1) D:6            Lair (5/5) D:8
  Swamp (0/4) Lair:2       Spider (0/4) Lair:3        Slime (0/5) Lair:5
    Orc (2/2) D:9             Elf (0/3) Orc:2         Sewer (visited)
 Bailey (visited)
 Vaults: D:13-14

Altars:
Elyvilon
Kikubaaqudgha
Makhleb
Vehumet
Yredelemnul
Lugonu

Shops:
D:4 *:(   D:5 ([[:   D:8 (   D:12 (   Orc:2 (?=!

Portals:
Hell: Lair:5

Annotations:
D:12 1 runed translucent door, greasedhog's ghost, journeyman GrFi


Innate Abilities, Weirdness & Mutations

You are completely covered in rugged brown scales. (AC +3, +7% HP)
You have supernaturally acute eyesight. (SInv)
Armour fits poorly on your strangely shaped body.
You can roll at nearby foes to attack.
You have a long armoured tail.
You curl defensively after being hit. (AC +7*)


Message History

The deep elf knight hits you with a +0 scimitar!
The centaur warrior skeleton barely misses you.
The centaur warrior skeleton kicks you but does no damage.
Unknown command.
You completely miss the deep elf knight.
The deep elf knight is almost dead.
You slash the centaur warrior skeleton!
The deep elf knight gestures at you while chanting.
The lance of force misses you.
The lance of force hits the centaur warrior skeleton!!
The centaur warrior skeleton is destroyed!
You miss the deep elf knight.
The deep elf knight is almost dead.
The deep elf knight hits you but does no damage.
The deep elf knight hits you with a +0 scimitar!
* * * LOW HITPOINT WARNING * * *
Unknown command.
You hit the deep elf knight.
You kill the deep elf knight!
Lugonu accepts your kill.
You closely miss the skeletal warrior.
The skeletal warrior hits you with a +0 battleaxe!
* * * LOW HITPOINT WARNING * * *
You slash the skeletal warrior!
The skeletal warrior is lightly damaged.
You barely miss the skeletal warrior.
The skeletal warrior is lightly damaged.
The skeletal warrior hits you with a +0 battleaxe!
* * * LOW HITPOINT WARNING * * *
Okay, then.
The skeletal warrior attacks as you move away!
The skeletal warrior hits you with a +0 battleaxe!
* * * LOW HITPOINT WARNING * * *
A deep elf pyromancer comes into view. It is wielding a +0 rapier.
The deep elf pyromancer shouts!
You hear a shout!
You see here a +0 dagger.
As you read the scroll of butterflies, it crumbles to dust.
You hear the tinkle of a tiny bell.
The skeletal warrior hits you with a +0 battleaxe!
You die...

#.........# .........
###.........#####.#..#.####
...).......................
...).......... ..........
..)).....########e#..#.###
.........####.#.g).......#
............#.g##b#..#.##..
............#.#z#b#..#
..........###.$#@##..#
..........# #(bbbb#..#
.?........#########..######
.....................)....#
...........................
...............############
...............#
...............#
...............#


You could see a skeletal warrior (ally target), a deep elf pyromancer (ally
target) and a boggart (invisible).

Vanquished Creatures
  A dire elephant (Lair:5)
  Josephine (Lair:4)
  2 boulder beetles
  A catoblepas (Lair:3)
  5 hydras
  A hell beast (Lair:5)
  3 ogre magi
  3 two-headed ogres
  A centaur warrior (D:13)
  A death yak (Lair:5)
  2 orc high priests
  Urug (Lair:2)
  A deep elf knight (D:13)
  2 bog bodies (Lair:2)
  A wizard (Lair:5)
  A deep elf pyromancer (D:12)
  An orc knight (D:9)
  A cyclops (D:7)
  9 orc sorcerers
  2 manticores
  An oklob plant (Lair:1)
  2 elephants (Lair:5)
  Maurice (D:12)
  2 black mambas
  A torpor snail (Lair:5)
  4 orange demons (Lair:5)
  A centaur skeleton (D:13)
  A gargoyle (D:12)
  An unseen horror (D:7)
  8 komodo dragons
  14 cane toads
  A kobold demonologist (D:12)
  6 rime drakes
  An ice devil (Lair:5)
  A hellwing (Lair:5)
  A red devil (Lair:5)
  5 trolls
  4 polar bears
  Grinder (D:3)
  2 hornets
  10 slime creatures
  11 blink frogs
  13 dream sheep (Lair:5)
  A shadow (D:11)
  Sigmund (D:5)
  6 spriggans (Bailey)
  30 yaks
  5 wraiths (Lair:4)
  2 wyverns
  5 steam dragons
  A redback (Lair:3)
  3 basilisks
  6 vampire mosquitoes
  7 acid dragons
  13 water moccasins
  4 hell hounds (Lair:5)
  19 orc warriors
  A swamp drake (D:9)
  A sky beast (D:7)
  2 black bears (D:7)
  19 ogres
  18 wolves
  20 centaurs
  4 kobold brigands
  9 bullfrogs
  4 scorpions
  2 gnoll sergeants
  9 wights
  2 necrophages (D:8)
  17 killer bees
  An electric eel (Lair:2)
  7 howler monkeys
  A hound (D:4)
  3 jellies (D:10)
  16 orc priests
  Jessica (D:3)
  An iguana (D:6)
  30 orc wizards
  14 gnolls
  2 river rats (Sewer)
  12 adders
  A shadow imp (D:5)
  3 white imps
  2 ufetubi (D:4)
  2 worms
  2 dart slugs
  72 orcs
  3 endoplasms
  3 giant cockroaches
  13 goblins
  4 hobgoblins
  12 kobolds
  5 quokkas
  4 ball pythons
  5 bats
  9 frilled lizards
  11 rats
582 creatures vanquished.

Vanquished Creatures (collateral kills)
  A ball python (D:1)
  A hobgoblin (D:1)
  2 quokkas (D:1)
  A bat (D:1)
  A frilled lizard (D:1)
6 creatures vanquished.

Vanquished Creatures (others)
  A centaur skeleton (D:13)
  An orc wizard (Orc:2)
  14 fungi
  32 plants
48 creatures vanquished.

Grand Total: 636 creatures vanquished

Notes
Turn   | Place    | Note
-------+----------+-------------------------------------------
     0 | D:1      | SnakkuSnakku7 the Palentonga Summoner began the quest for
                  | the Orb.
     0 | D:1      | Reached XP level 1. HP: 13/13 MP: 3/3
   361 | D:1      | Learned a level 1 spell: Magic Dart
   654 | D:1      | Reached XP level 2. HP: 20/20 MP: 1/5
   672 | D:1      | Reached skill level 1 in Conjurations
   731 | D:1      | Found a faded altar of an unknown god.
  1394 | D:2      | Reached XP level 3. HP: 6/25 MP: 1/6
  1403 | D:1      | Learned a level 2 spell: Searing Ray
  2312 | D:2      | Reached skill level 1 in Long Blades
  2542 | D:3      | Reached XP level 4. HP: 27/32 MP: 7/7
  2985 | D:3      | Found an ancient bone altar of Kikubaaqudgha.
  2985 | D:3      | Found a burning altar of Makhleb.
  2985 | D:3      | Found a basalt altar of Yredelemnul.
  3065 | D:1      | Prayed at the altar of an unknown god.
  3065 | D:1      | Became a worshipper of Lugonu the Unformed
  3065 | D:1      | Reached * piety under Lugonu
  3065 | D:1      | Reached ** piety under Lugonu
  3216 | D:3      | HP: 1/32 [gnoll/+0 halberd (4)]
  3849 | D:3      | Noticed Grinder
  4167 | D:4      | Noticed an ogre
  4214 | D:3      | Reached XP level 5. HP: 30/37 MP: 6/8
  4248 | D:4      | Found Sahibuak's Book Shoppe.
  4310 | D:4      | Found Gabe's Assorted Antiques.
  4321 | D:4      | Found Ofimyocy's General Store.
  4389 | D:4      | Found a glowing drain.
  4400 | Sewer    | Entered a sewer
  5134 | D:4      | Reached XP level 6. HP: 39/43 MP: 9/9
  5151 | D:4      | Found Doedd's Weapon Emporium.
  5229 | D:4      | You fall into a shaft and drop 1 floor!
  5229 | D:5      | Entered Level 5 of the Dungeon
  5252 | D:5      | Found Liaghoh's Armour Emporium.
  5464 | D:3      | Noticed Jessica
  5469 | D:3      | Killed Jessica
  5657 | D:3      | Reached skill level 5 in Long Blades
  5727 | D:3      | Identified the +3 leather armour of Xiwkil {Rampage rC-
                  | Int+5 Dex-2}
  5847 | D:3      | Paralysed by Grinder for 3 turns
  5850 | D:3      | Killed Grinder
  5851 | D:3      | Gained mutation: You curl defensively after being hit. (AC
                  | +7*) [Palentonga growth]
  5851 | D:3      | Reached XP level 7. HP: 17/49 MP: 10/10
  6213 | D:5      | Found Iguunios's Antique Weapon Emporium.
  6311 | D:5      | Found Turiwiw's Armour Emporium.
  6316 | D:5      | Bought a +0 buckler for 49 gold pieces
  6334 | D:5      | Noticed Sigmund
  6363 | D:4      | Reached *** piety under Lugonu
  6661 | D:5      | Killed Sigmund
  6662 | D:5      | Reached XP level 8. HP: 57/60 MP: 11/11
  6747 | D:5      | Found Wegimow's Book Boutique.
  6821 | D:5      | Found a white marble altar of Elyvilon.
  7167 | D:6      | Reached skill level 5 in Fighting
  7399 | D:6      | Found a staircase to the Ecumenical Temple.
  7596 | D:6      | Identified the +12 dagger of Gixuqats {venom, Will+ rCorr}
  8119 | D:7      | Got the Tome of Shifting Unholy Arts
  8385 | D:7      | Reached XP level 9. HP: 58/79 MP: 12/12
  8464 | D:7      | Noticed a troll
  8758 | D:7      | Noticed an unseen horror
  8770 | D:7      | Killed an unseen horror
  8770 | D:7      | Reached **** piety under Lugonu
  8771 | D:7      | Reached skill level 5 in Shields
  8967 | D:7      | Killed a troll
  8968 | D:7      | Reached skill level 5 in Invocations
  9064 | D:7      | Reached XP level 10. HP: 21/85 MP: 14/14
  9408 | D:7      | Noticed a cyclops
  9449 | D:7      | Killed a cyclops
  9652 | D:7      | Noticed a six-headed hydra
  9665 | D:7      | Noticed a boulder beetle
  9678 | D:7      | Killed a boulder beetle
  9973 | D:7      | Killed a six-headed hydra
  9974 | D:7      | Reached skill level 5 in Evocations
 10534 | D:8      | Found a flagged portal.
 10599 | Bailey   | Entered a bailey
 10838 | Bailey   | Noticed a two-headed ogre
 10887 | Bailey   | Reached XP level 11. HP: 42/92 MP: 16/16
 10893 | Bailey   | Killed a two-headed ogre
 10894 | Bailey   | HP: 3/92 [spriggan/+0 trident (12)]
 11300 | D:8      | Identified 2 scrolls of acquirement
 11300 | D:8      | Acquired 674 gold pieces
 11301 | D:8      | Acquired 908 gold pieces
 11317 | D:7      | Reached skill level 1 in Armour
 11506 | D:8      | Paralysed by a hornet for 1 turns
 11800 | D:8      | Found Nourutt's Antique Weapon Shoppe.
 11889 | D:4      | Bought a +0 helmet for 54 gold pieces
 11889 | D:4      | Bought a potion of heal wounds for 60 gold pieces
 12412 | D:8      | Reached skill level 1 in Polearms
 12616 | D:8      | Reached skill level 1 in Axes
 12646 | D:8      | Reached skill level 2 in Axes
 12656 | D:8      | Reached skill level 3 in Axes
 12966 | D:8      | Found a staircase to the Lair.
 13290 | D:9      | Reached skill level 4 in Axes
 13541 | D:9      | Found a staircase to the Orcish Mines.
 13703 | D:9      | Reached skill level 5 in Axes
 13710 | D:9      | Reached ***** piety under Lugonu
 14289 | D:9      | Reached skill level 6 in Axes
 14440 | D:10     | Entered Level 10 of the Dungeon
 14455 | D:10     | Identified the +5 trident "Huoxa" {vorpal, Fly rC+ Int-5
                  | Dex+2}
 14466 | D:10     | Found a transporter.
 14693 | D:9      | Reached skill level 7 in Axes
 14915 | D:10     | Found a transporter.
 15188 | D:10     | Got Jybaod's Guidebook on Blows and Bruises
 15258 | D:10     | Reached skill level 8 in Axes
 16362 | Lair:1   | Entered Level 1 of the Lair of Beasts
 16375 | Lair:1   | Reached XP level 12. HP: 84/98 MP: 11/17
 16479 | Lair:1   | Noticed a seven-headed hydra
 16489 | Lair:1   | Killed a seven-headed hydra
 16490 | Lair:1   | Reached skill level 9 in Axes
 16670 | Lair:1   | Noticed a seven-headed hydra
 16683 | Lair:1   | Killed a seven-headed hydra
 16796 | Lair:1   | Found the +1 robe of Vines {NoPotionHeal Regen++++}
 17701 | Lair:2   | Reached skill level 10 in Axes
 17704 | Lair:2   | Found a staircase to the Swamp.
 17732 | Lair:2   | Noticed Urug
 17747 | Lair:2   | Killed Urug
 17847 | Lair:2   | Reached skill level 11 in Axes
 18286 | Lair:2   | Identified the +1 chain mail "Reojidug" {rN+ Regen+ rCorr}
 18594 | Lair:3   | Found a hole to the Spider Nest.
 18663 | Lair:3   | Reached skill level 12 in Axes
 18705 | Lair:3   | Noticed a catoblepas
 18728 | Lair:3   | Killed a catoblepas
 18807 | Lair:3   | Reached skill level 13 in Axes
 19437 | Lair:4   | Noticed Josephine
 19459 | Lair:4   | Reached XP level 13. HP: 43/104 MP: 0/18
 19459 | Lair:4   | Killed Josephine
 19461 | Lair:4   | HP: 4/104 [black mamba (11)]
 19564 | Lair:4   | Reached skill level 14 in Axes
 20267 | Lair:5   | Entered Level 5 of the Lair of Beasts
 20324 | Lair:5   | Reached ****** piety under Lugonu
 20415 | Lair:5   | Reached skill level 15 in Axes
 20665 | Lair:5   | Reached skill level 16 in Axes
 20805 | Lair:5   | Found a staircase to the Slime Pits.
 20941 | Lair:5   | Noticed a dire elephant
 20965 | Lair:5   | Killed a dire elephant
 21399 | Lair:5   | Found a burning altar of Makhleb.
 21476 | Lair:5   | Reached skill level 17 in Axes
 21501 | Lair:5   | Found a gateway to Hell.
 22052 | D:11     | Reached XP level 14. HP: 102/112 MP: 12/19
 22457 | D:12     | Found a runed translucent door.
 22457 | D:12     | Noticed greasedhog's ghost (journeyman GrFi)
 22505 | D:12     | Found Nuut's Weapon Shoppe.
 22738 | D:12     | Identified the +7 chain mail "Ickaor" {rF++ rC+ rN+ Dex-5}
 22943 | D:12     | Noticed Maurice
 22948 | D:12     | Killed Maurice
 23226 | Orc:1    | Entered Level 1 of the Orcish Mines
 23327 | Orc:1    | Paralysed by an orc sorcerer for 4 turns
 23499 | D:9      | Reached skill level 18 in Axes
 23698 | Orc:2    | Entered Level 2 of the Orcish Mines
 24453 | Orc:2    | Found a staircase to the Elven Halls.
 24620 | Orc:2    | Found Oguduec's Antique Weapon Shoppe.
 24655 | Orc:2    | Found Honki Dawnadd's Magic Scroll Emporium.
 24669 | Orc:2    | Bought a scroll of teleportation for 45 gold pieces
 24669 | Orc:2    | Bought a scroll of enchant armour for 112 gold pieces
 24669 | Orc:2    | Bought a scroll of fear for 60 gold pieces
 24682 | Orc:2    | Found a radiant altar of Vehumet.
 24741 | Orc:2    | Paralysed by an orc sorcerer for 3 turns
 24754 | Orc:2    | Found an ancient bone altar of Kikubaaqudgha.
 24785 | Orc:2    | Paralysed by an orc sorcerer for 5 turns
 24806 | Orc:2    | Found Lehaytz's Jewellery Emporium.
 24832 | Orc:2    | Found Ytimeal's Distillery.
 24848 | Orc:2    | Bought a +4 ring of evasion for 576 gold pieces
 24859 | Orc:2    | Bought a potion of berserk rage for 85 gold pieces
 24859 | Orc:2    | Bought 2 potions of haste for 340 gold pieces
 24859 | Orc:2    | Bought 2 potions of resistance for 340 gold pieces
 24859 | Orc:2    | Bought a potion of heal wounds for 85 gold pieces
 24859 | Orc:2    | Bought a potion of curing for 51 gold pieces
 24859 | Orc:2    | Bought a potion of heal wounds for 85 gold pieces
 25230 | D:13     | Reached skill level 19 in Axes
 25365 | D:13     | Slain by a skeletal warrior

Illustrated notes

Levels and vault maps discovered:
D:1:      dpeg_arrival_long_road, layout_basic,
          ebering_ecumenical_altar_petrified, minmay_crystal_room
D:2:      layout_loops_cross
D:3:      layout_basic, gammafunk_temple_overflow_forgotten,
          dreamdust_princess_corridor, chequers_garden,
          minmay_misc_feat_hallway, uniq_jessica, uniq_grinder
D:4:      layout_loops_ring, serial_shops, shop, kennysheep_mini,
          nicolae_take_the_stairs, nicolae_shop_bloodbath_and_beyond,
          cheibrodos_sewer_entry_bend
D:5:      layout_cave_pools, general_overflow_altar, serial_shops,
          kennysheep_little_box, kennysheep_mini_moat, shop, shop, uniq_sigmund
D:6:      layout_loops_corners, minmay_temple_entry_slanted
D:7:      minmay_the_grid_square_5x5_3x3 [minmay_the_grid_square_5x5_meh,
          minmay_the_grid_square_5x5_misaligned,
          minmay_the_grid_square_5x5_broken_cross,
          minmay_the_grid_square_5x5_longway,
          minmay_the_grid_square_5x5_megaprize_open,
          minmay_the_grid_square_5x5_intrusive_squares,
          minmay_the_grid_square_5x5_almost_minimal,
          minmay_the_grid_square_5x5_six_small,
          minmay_the_grid_square_5x5_bridge], layout_basic
D:8:      layout_basic, erik_lair_dragon, serial_shops, nicolae_lakefront_shop,
          enter_bailey_3
D:9:      layout_basic, erik_orc_1
D:10:     gammafunk_cloud_chamber, layout_irregular_city
D:11:     layout_cave_pools
D:12:     layout_basic, serial_shops, shop, hellmonk_ghost_happy_afterlife,
          uniq_maurice
D:13:     layout_long_grid, hangedman_vaults_entry_quadrant_bands
Lair:1:   layout_regular_city, hellmonk_guarded_unrand_vines
Lair:2:   layout_big_grid, skrybe_swamp_entry_bodies, lemuel_fruit_fields,
          lemuel_fruit_tree, infiniplex_staircase_pool, uniq_urug
Lair:3:   layout_gridlike, spider_nest_entry_rubble
Lair:4:   layout_regular_city, cheibrodos_lair_lostbears, uniq_josephine
Lair:5:   evil_forest, layout_cave_pods, dpeg_slime_entry_enclosed
Orc:1:    layout_caves, minmay_orc_temple_c
Orc:2:    kennysheep_orc_mage_school, layout_caves

Skill      XL: |  1  2  3  4  5  6  7  8  9 10 11 12 13 14 |
---------------+-------------------------------------------+-----
Conjurations   | 2 |  2.7
Long Blades    | 1 3 4 6 8 |  8.0
Fighting       | 2 7 8 |  8.0
Shields        | 5 |  5.0
Invocations    | 6 7 |  7.5
Evocations     | 7 8 |  8.0
Armour         | 2 |  2.5
Polearms       | 1 |  1.7
Axes           | 8 13 17 19 | 19.4
Dodging        | |  1.5
Stealth        | |  1.2
Spellcasting   | |  2.0
Summonings     | |  3.4

Action                   |  1- 3 |  4- 6 |  7- 9 | 10-12 | 13-15 || total
-------------------------+-------+-------+-------+-------+-------++-------
Melee: Unarmed           |    47 |       |       |       |       ||    47
       Tailslap          |     8 |    11 |    32 |    86 |   120 ||   257
       Club              |    37 |       |       |       |       ||    37
       Falchion          |    42 |   144 |   102 |    32 |       ||   320
       Punch             |     1 |     1 |       |       |       ||     2
       Dagger            |       |       |   103 |   374 |       ||   477
       Battleaxe         |       |       |       |   209 |   694 ||   903
       Trident           |       |       |       |    31 |       ||    31
 Cast: Summon Small Mamm |    10 |     4 |       |       |       ||    14
       Magic Dart        |    25 |     7 |     2 |       |       ||    34
       Searing Ray       |       |     2 |     3 |       |       ||     5
 Abil: Rolling Charge    |       |       |     2 |     6 |       ||     8
Evoke: Wand              |     1 |     3 |    11 |    39 |    11 ||    65
       Condenser vane    |       |       |       |       |     1 ||     1
  Use: Potion            |     2 |       |       |     7 |       ||     9
       Scroll            |       |     3 |     1 |    23 |    12 ||    39
 Stab: Sleeping          |     2 |     3 |       |     4 |       ||     9
       Confused          |       |       |       |     1 |       ||     1
       Invisible         |       |       |       |       |     1 ||     1
       Distracted        |       |       |       |       |     1 ||     1
Armor: Robe              |    57 |    53 |       |    72 |   427 ||   609
       Leather armour    |       |       |    38 |       |       ||    38
       Scale mail        |       |       |    49 |       |       ||    49
       Shadow dragon sca |       |       |       |   296 |       ||   296
Dodge: Dodged            |    74 |    53 |    82 |   161 |   326 ||   696
Block: Other             |    15 |    32 |     3 |    61 |   164 ||   275
       Reflection        |     1 |       |     6 |     8 |     4 ||    19
       Buckler           |       |       |   109 |   193 |       ||   302
